 Dungeon Crawl Stone Soup version 0.20.1-1-g8b1a95d (webtiles) character file.

50 dmj the Shield-Bearer (level 3, -9/29 HPs)
             Began as a Minotaur Fighter on July 30, 2017.
             Mangled by a small abomination (16 damage)
             ... on level 1 of the Abyss.
             The game lasted 00:04:22 (1195 turns).

dmj the Shield-Bearer (Minotaur Fighter)            Turns: 1195, Time: 00:04:23

Health: -9/29      AC:  4    Str: 21      XL:     3   Next: 55%
Magic:  2/2        EV:  7    Int:  2 (5)  God:
Gold:   142        SH:  9    Dex: 12      Spells: 2/2 levels left

rFire    . . .     SeeInvis .   a - +0 war axe
rCold    . . .     Gourm    .   c - +0 shield
rNeg     . . .     Faith    .   b - +0 scale mail
rPois    .         Spirit   .   (helmet restricted)
rElec    .         Reflect  .   (no cloak)
rCorr    .         Harm     .   (no gloves)
MR       .....     Rnd*Tele +   (no boots)
Stlth    ..........             (no amulet)
Regen    0.1/turn               g - +5 ring of dexterity
MPRegen  0.1/turn               (no ring)

@: no status effects
A: retaliatory headbutt, horns 2, clumsy 1, deformed body, frail 1, teleportitis
1, no potion heal 1, subdued magic 1
a: no special abilities


You were on level 1 of the Abyss.
You were hungry.

You visited 1 branch of the dungeon, and saw 2 of its levels.
You visited the Abyss 1 time.

You collected 142 gold pieces.

Inventory:

Hand Weapons
 a - a +0 war axe (weapon)
 d - a +0 longbow
Armour
 b - a +0 scale mail (worn)
 c - a +0 shield (worn)
Jewellery
 g - a +5 ring of dexterity (left hand)
 o - a +3 ring of intelligence {unknown}
Scrolls
 h - a scroll of enchant armour {unknown}
 i - 2 scrolls of identify {unknown}
 j - a scroll of fear {unknown}
 n - 2 scrolls of teleportation {unknown}
 p - a scroll of enchant weapon {unknown}
Potions
 e - 2 potions of curing {unknown}
 k - a potion of lignification {unknown}
 l - a potion of invisibility {unknown}
 m - 2 potions of haste {unknown}
Comestibles
 f - 2 bread rations


   Skills:
 + Level 4.1 Fighting
 + Level 2.8 Axes
 + Level 4.2 Armour
 + Level 0.2 Dodging
 + Level 0.1 Stealth
 + Level 4.2 Shields


You had 2 spell levels left.
You didn't know any spells.

Dungeon Overview and Level Annotations

Branches:
Dungeon (2/15)

Altars:


Innate Abilities, Weirdness & Mutations

You reflexively headbutt those who attack you in melee.
You have a pair of horns on your head.
You are clumsy. (Dex -2)
Armour fits poorly on your strangely shaped body.
You are frail. (-10% HP)
You are occasionally teleported next to monsters.
Potions are less effective at restoring your health.
Your spells are a little easier to cast, but a little less powerful.


Message History

The crimson imp blinks!
The neqoxec gestures at you.
Strange energies course through your body.
You feel clumsy.
A small abomination comes into view.
The neqoxec gestures at you.
Strange energies course through your body.
Your system partially rejects the healing effects of potions.
There are monsters nearby!
The crimson imp blinks!
The neqoxec gestures at you.
Something tries to feed on your intellect!
The neqoxec gestures.
The neqoxec gestures.
The neqoxec gestures at you.
You feel dopey. Something feeds on your intellect!
The small abomination hits you!
Ouch! That really hurt!
You die...

... ... ...
..### #.#
..#..# #.# #
#.... #.####.#
##...##......#
#
#......@.....#
#
###..#x#..#.#..
.. ###
#.....##.##.
.#..### ..
#.#......... .
##..#
..##.3.###.###
..ยง#..##.#
##..# # ..#.
.#. ###..## ##
.###.53.....#
#.# .##########


You could see a neqoxec and a small abomination.

Vanquished Creatures
  2 adders (D:2)
  An ufetubus (Abyss:1)
  A dart slug (D:1)
  3 goblins (D:1)
  5 hobgoblins
  3 jackals (D:2)
  4 kobolds
  A quokka (D:2)
  A ball python (D:2)
  A bat (D:1)
  4 rats (D:1)
26 creatures vanquished.

Notes
Turn   | Place    | Note
-------+----------+-------------------------------------------
     0 | D:1      | dmj the Minotaur Fighter began the quest for the Orb.
     0 | D:1      | Reached XP level 1. HP: 19/19 MP: 0/0
   255 | D:1      | Reached XP level 2. HP: 21/27 MP: 1/1
   819 | D:2      | Reached XP level 3. HP: 33/33 MP: 2/2
   977 | D:2      | Cast into level 1 of the Abyss (gnoll)
  1041 | Abyss:1  | Noticed a starcursed mass
  1157 | Abyss:1  | Noticed a neqoxec
  1160 | Abyss:1  | Gained mutation: You are occasionally teleported next to monsters. [a neqoxec]
  1160 | Abyss:1  | Gained mutation: You are frail. (-10% HP) [a neqoxec]
  1162 | Abyss:1  | Gained mutation: Armour fits poorly on your strangely shaped body. [a neqoxec]
  1169 | Abyss:1  | Gained mutation: Your spells are a little easier to cast, but a little less powerful. [a neqoxec]
  1170 | Abyss:1  | Gained mutation: You are clumsy. (Dex -2) [a neqoxec]
  1176 | Abyss:1  | Noticed a small abomination
  1176 | Abyss:1  | Gained mutation: Potions are less effective at restoring your health. [a neqoxec]
  1195 | Abyss:1  | Mangled by a small abomination

Skill      XL: |  1  2  3 |
---------------+----------+-----
Shields        | 4 |  4.2
Armour         | 4 |  4.2
Fighting       | 4 |  4.1
Axes           | |  2.8
Dodging        | |  0.2
Stealth        | |  0.1

Action                   || total
-------------------------++-------
Melee: War axe           ||    67
       Headbutt          ||     9
  Use: Potion            ||     1
Armor: Scale mail        ||    22
Dodge: Dodged            ||    21
Block: Shield            ||    40
